 Dungeon Crawl Stone Soup version 0.27.1-33-g824d729ab1 (webtiles) character file.

Game seed: 12523908940603344298

39 jlumianski the Ducker (level 3, -1/35 HPs)
             Began as a Gnoll Monk on Dec 27, 2021.
             Was a Priest of Zin.
             Slain by a goblin (2 damage)
             ... led by Robin
             ... on level 2 of the Dungeon.
             The game lasted 00:07:36 (1504 turns).

jlumianski the Ducker (Gnoll Monk)                  Turns: 1504, Time: 00:07:37

Health: -1/35      AC:  2    Str:  8 (10) XL:     3   Next: 47%
Magic:  4/4        EV: 14    Int:  7 (10) God:    Zin [***...]
Gold:   27         SH:  0    Dex: 12 (14) Spells: 3/3 levels left

rFire    . . .     SeeInvis .   a - +0 hand axe
rCold    . . .     Faith    .   (no shield)
rNeg     . . .     Spirit   .   b - +0 robe
rPois    .         Reflect  .   (no helmet)
rElec    .         Harm     .   (no cloak)
rCorr    .         Rampage  .   (no gloves)
Will     .....                  (no boots)
Stlth    ++........             (no amulet)
HPRegen  0.11/turn              (no ring)
MPRegen  0.09/turn              (no ring)

@: lethally poisoned (-1 -> -2), on recite cooldown, flying
A: fangs 1, strong nose, distributed training
a: Renounce Religion, Recite, Vitalisation, Imprison, Donate Gold


You were on level 2 of the Dungeon.
You worshipped Zin.
Zin was most pleased with you.
You visited 1 branch of the dungeon, and saw 2 of its levels.

You collected 29 gold pieces.
You donated 2 gold pieces to Zin.

Inventory:

Hand Weapons
 a - a +0 hand axe (weapon)
Missiles
 g - 3 stones (quivered)
Armour
 b - a +0 robe (worn)
Magical Staves
 e - a staff of air


   Skills:
 + Level 6.5 Fighting
 + Level 0.8 Short Blades
 + Level 0.8 Long Blades
 + Level 6.5 Axes
 + Level 0.8 Maces & Flails
 + Level 0.8 Polearms
 + Level 0.8 Staves
 + Level 0.8 Slings
 + Level 0.8 Bows
 + Level 0.8 Crossbows
 + Level 0.8 Throwing
 + Level 0.8 Armour
 + Level 6.5 Dodging
 + Level 4.1 Stealth
 + Level 0.8 Shields
 + Level 0.8 Unarmed Combat
 + Level 0.8 Spellcasting
 + Level 0.5 Conjurations
 + Level 0.5 Hexes
 + Level 0.5 Summonings
 + Level 0.5 Necromancy
 + Level 0.5 Translocations
 + Level 0.5 Transmutations
 + Level 0.5 Fire Magic
 + Level 0.5 Ice Magic
 + Level 0.5 Air Magic
 + Level 0.5 Earth Magic
 + Level 0.5 Poison Magic
 + Level 1.0 Invocations
 + Level 0.8 Evocations


You had 3 spell levels left.
You didn't know any spells.
Your spell library contained the following spells:

 Spells                   Type           Power      Damage    Failure   Level
 Chain Lightning          Conj/Air       0%         2d1       100%        9
 Fire Storm               Conj/Fire      0%         6d1       100%        9


Dungeon Overview and Level Annotations

Branches:
Dungeon (2/15)

Altars:
Zin

Shops:
D:1 [

Annotations:
D:2 Natasha, Robin


Innate Abilities, Weirdness & Mutations

You have very sharp teeth.
Your uncanny sense of smell can sniff out nearby items.
Your experience applies equally to all skills.


Message History

You barely miss the adder. The adder misses you.
Robin throws the goblin at you!
The hobgoblin misses the goblin.
The goblin misses you.
You hit the adder.
The adder is lightly wounded.
You barely miss the goblin. The adder bites you.
You are poisoned.
The adder poisons you! The goblin closely misses you. The adder bites you.
You slash the adder!
The adder is almost dead.
You closely miss the goblin.
You feel sick. The adder bites you. The goblin hits you with a +0 dagger.
You hit the adder but do no damage. Your bite misses the adder.
The adder is almost dead.
You hit the goblin but do no damage.
You feel sick.
The goblin is no longer dazed.
The goblin no longer looks unusually strong.
Natasha casts a spell.
The adder bites you.
* * * LOW HITPOINT WARNING * * *
The hobgoblin hits the shadow imp.
Robin roars a battlecry!
The goblin goes into a battle-frenzy!
The goblin hits you with a +0 dagger.
* * * LOW HITPOINT WARNING * * *
You aren't carrying any scrolls.
It was a potion of flight.
You feel very buoyant.
You fly up into the air.
You feel sick.
The goblin no longer looks unusually strong.
The adder completely misses you.
The hobgoblin closely misses the shadow imp.
The goblin barely misses you.
It was a potion of degeneration.
There was something very wrong with that liquid.
You feel weakened.
You feel dopey.
You feel clumsy.
You feel sick. The adder barely misses you. The adder bites you.
* * * LOW HITPOINT WARNING * * *
The goblin hits you with a +0 dagger.
You die...

########.<....#
#.....##.)##.)#
#.###.........#
#.#
####.......#
#.# ##........
#[# ###.##.##.
#.# #.# .# #g#
#.# .# #@# ∆
#S#


g5g hwg.. ...g... ##.###..# #. ..# #. ..# You could see a worm, Robin, Natasha,
an adder, a shadow imp (summoned), a hobgoblin (confused) and 3 goblins.

Vanquished Creatures
  2 dart slugs (D:1)
  An orc (D:2)
  5 ball pythons (D:1)
  2 endoplasms (D:1)
  A giant cockroach (D:1)
  8 goblins
  5 hobgoblins
  A quokka (D:1)
  2 bats (D:1)
  A kobold (D:1)
  4 rats (D:1)
32 creatures vanquished.

Vanquished Creatures (others)
  6 fungi (D:1)
  3 plants (D:1)
9 creatures vanquished.

Grand Total: 41 creatures vanquished

Notes
Turn   | Place    | Note
-------+----------+-------------------------------------------
     0 | D:1      | jlumianski the Gnoll Monk began the quest for the Orb.
     0 | D:1      | Reached XP level 1. HP: 23/23 MP: 1/1
   439 | D:1      | Reached XP level 2. HP: 12/29 MP: 2/2
   701 | D:1      | Found a faded altar of an unknown god.
   771 | D:1      | Became a worshipper of Zin the Law-Giver
   771 | D:1      | Reached * piety under Zin
   771 | D:1      | Reached ** piety under Zin
   879 | D:1      | Reached *** piety under Zin
   948 | D:1      | Reached XP level 3. HP: 30/35 MP: 3/3
  1029 | D:1      | Found Vesirghar's Antique Armour Emporium.
  1485 | D:2      | Noticed Robin
  1488 | D:2      | Noticed Natasha
  1496 | D:2      | Reached skill level 1 in Invocations
  1504 | D:2      | HP: 1/35 [adder (2)]
  1504 | D:2      | Slain by a goblin

Illustrated notes

Levels and vault maps discovered:
D:1:      sevenhm_arrival_forest_fort_small_6, layout_basic,
          shapermc_ecumenical_altar_gd, serial_shops, nicolae_shop_statue_plus,
          minmay_curled_crystal
D:2:      layout_loops_ring, uniq_natasha, uniq_robin, uniq_terence

Skill      XL: |  1  2  3 |
---------------+----------+-----
Invocations    | 1 |  1.0
Fighting       | |  6.5
Short Blades   | |  0.8
Long Blades    | |  0.8
Axes           | |  6.5
Maces & Flails | |  0.8
Polearms       | |  0.8
Staves         | |  0.8
Slings         | |  0.8
Bows           | |  0.8
Crossbows      | |  0.8
Throwing       | |  0.8
Armour         | |  0.8
Dodging        | |  6.5
Stealth        | |  4.1
Shields        | |  0.8
Unarmed Combat | |  0.8
Spellcasting   | |  0.8
Conjurations   | |  0.5
Hexes          | |  0.5
Summonings     | |  0.5
Necromancy     | |  0.5
Translocations | |  0.5
Transmutations | |  0.5
Fire Magic     | |  0.5
Ice Magic      | |  0.5
Air Magic      | |  0.5
Earth Magic    | |  0.5
Poison Magic   | |  0.5
Evocations     | |  0.8

Action                   || total
-------------------------++-------
Melee: Hand axe          ||    87
       Bite              ||     4
Invok: Recite            ||     5
  Use: Scroll            ||     2
       Potion            ||     2
 Stab: Sleeping          ||     5
       Confused          ||     1
Armor: Robe              ||     9
Dodge: Dodged            ||    71
